 Dungeon Crawl Stone Soup version 0.24-a0-7-g1bb0902 (webtiles) character file.

Game seed: 6065926168487974230

84 Lanoc the Skirmisher (level 4, -4/55 HPs)
             Began as a Demonspawn Berserker on Jan 30, 2019.
             Was a Believer of Trog.
             Slain by a gnoll
             ... wielding a +0 halberd
              (15 damage)
             ... on level 2 of the Dungeon.
             The game lasted 00:02:28 (1174 turns).

Lanoc the Skirmisher (Demonspawn Berserker)         Turns: 1174, Time: 00:02:28

Health: -4/55      AC:  5    Str: 24    XL:     4   Next: 23%
Magic:  4/4        EV: 13    Int:  8    God:    Trog [**....]
Gold:   26         SH:  0    Dex: 12    Spells: 3/3 levels left

rFire    . . .     SeeInvis .   a - +0 hand axe
rCold    . . .     Gourm    .   (no shield)
rNeg     . . .     Faith    .   b - +0 animal skin
rPois    .         Spirit   .   (no helmet)
rElec    .         Reflect  .   (no cloak)
rCorr    .         Harm     .   (no gloves)
MR       .....                  (no boots)
Stlth    ..........             (no amulet)
HPRegen  1.18/turn              (no ring)
MPRegen  0.09/turn              (no ring)

@: berserking (expiring), very quick
A: thin metallic scales 2, powered by death 1
a: Berserk, Trog's Hand, Renounce Religion


You were on level 2 of the Dungeon.
You worshipped Trog.
Trog was pleased with you.
You were very hungry.

You visited 1 branch of the dungeon, and saw 2 of its levels.

You collected 26 gold pieces.

Inventory:

Hand Weapons
 a - a +0 hand axe (weapon)
Armour
 b - a +0 animal skin (worn)
Scrolls
 d - a scroll of magic mapping {unknown}
 e - a scroll of fear {unknown}
 h - a scroll of fog {unknown}
 i - 2 scrolls of noise {unknown}
 l - a scroll of blinking {unknown}
 o - 3 scrolls of identify {unknown}
Potions
 f - a potion of curing {unknown}
 g - 2 potions of heal wounds {unknown}
 j - a potion of haste {unknown}
 m - a potion of ambrosia {unknown}
 n - 2 potions of lignification {unknown}
Comestibles
 c - 6 rations
 k - a chunk of flesh


   Skills:
 + Level 3.8 Fighting
 - Level 2.7 Axes
 + Level 2.7 Armour
 + Level 2.7 Dodging


You had 3 spell levels left.
You didn't know any spells.
Your spell library was empty.

Dungeon Overview and Level Annotations

Branches:
Dungeon (2/15)

Altars:
Dithmenos
Ru
Uskayaw


Innate Abilities, Weirdness & Mutations

You are mostly covered in thin metallic scales. (AC +3)
You regenerate a little health from kills.


Message History

The gnoll hits you.
You see here a +0 club.
You closely miss the gnoll. The gnoll hits you.
You slash the gnoll!
The gnoll is almost dead.
You barely miss the gnoll.
The gnoll is almost dead.
The gnoll misses you.
You slash the gnoll!
You kill the gnoll!
Trog accepts your kill.
You closely miss the gnoll. The gnoll closely misses you.
You hit the gnoll but do no damage.
The gnoll hits you from afar with a +0 halberd!
* * * LOW HITPOINT WARNING * * *
You hit the gnoll.
The gnoll is heavily wounded.
The gnoll barely misses you.
The gnoll hits you from afar with a +0 halberd!
You die...

#.# #####.####
....†....#
####...#.#########
#..............#
##...#########.#
##.## #.# #.# #.#
#.# #@# #' #g# #g#
#.# .%# ..# ...
...#


You could see 2 gnolls.

Vanquished Creatures
  2 gnolls (D:2)
  2 adders (D:2)
  An ooze (D:1)
  2 dart slugs (D:1)
  3 leopard geckos
  5 goblins
  3 hobgoblins (D:1)
  6 bats
  A frilled lizard (D:1)
  6 kobolds
  8 rats
39 creatures vanquished.

Notes
Turn   | Place    | Note
-------+----------+-------------------------------------------
     0 | D:1      | Lanoc the Demonspawn Berserker began the quest for the Orb.
     0 | D:1      | Reached XP level 1. HP: 18/18 MP: 1/1
   163 | D:1      | Gained mutation: You regenerate a little health from kills.
                  | [demonic ancestry]
   163 | D:1      | Reached XP level 2. HP: 15/24 MP: 2/2
   361 | D:1      | Gained mutation: You are partially covered in thin metallic
                  | scales. (AC +2) [demonic ancestry]
   361 | D:1      | Reached XP level 3. HP: 24/29 MP: 3/3
   720 | D:2      | Found a hide-covered altar of Uskayaw.
   723 | D:2      | Found a shadowy altar of Dithmenos.
   725 | D:2      | Found a sacrificial altar of Ru.
   755 | D:2      | HP: 1/29 [poisoned by an adder]
  1059 | D:2      | Reached ** piety under Trog
  1166 | D:2      | Gained mutation: You are mostly covered in thin metallic
                  | scales. (AC +3) [demonic ancestry]
  1166 | D:2      | Reached XP level 4. HP: 32/37 MP: 4/4
  1174 | D:2      | Slain by a gnoll

Vault maps used:
D:1:      dpeg_arrival_lava_temple_mockup, minmay_misc_feat_cross,
          grunt_decor_resistance, minmay_curled_crystal
D:2:      grunt_temple_overflow_open, first_ration

Skill      XL: |  1 |
---------------+----+-----
Armour         | 2 |  2.7
Dodging        | 2 |  2.7
Fighting       | |  3.8
Axes           | |  2.7

Action                   |  1- 3 |  4- 6 || total
-------------------------+-------+-------++-------
Melee: Hand axe          |   110 |     7 ||   117
Invok: Berserk           |     4 |       ||     4
 Stab: Sleeping          |     4 |       ||     4
  Eat: Chunk             |     3 |       ||     3
Armor: Animal skin       |    28 |       ||    28
Dodge: Dodged            |    88 |     3 ||    91

Table legend:
 A = Non-vault XP
 B = Vault XP
 C = Vault XP percentage of total XP
 D = Non-vault monster count
 E = Vault monster count
 F = Vault count percentage of total count
                 A         B        C        D         E       F
            +---------+---------+-------+---------+---------+-------
      Total |     120 |       0 |   0.0 |      39 |       0 |   0.0
            +---------+---------+-------+---------+---------+-------
        D:1 |      46 |       0 |   0.0 |      24 |       0 |   0.0
        D:2 |      74 |       0 |   0.0 |      15 |       0 |   0.0
            +---------+---------+-------+---------+---------+-------
